 Dungeon Crawl Stone Soup version 0.24-a0-375-g4de66ed42b (webtiles) character file.

Game seed: 379665819027793642

19 ohad the Changer (level 2, -1/18 HPs)
             Began as an Octopode Transmuter on May 31, 2019.
             Slain by a kobold
             ... wielding a +1 short sword of electrocution
              (17 damage)
             ... on level 1 of the Dungeon.
             The game lasted 00:00:59 (642 turns).

ohad the Changer (Octopode Transmuter)               Turns: 642, Time: 00:01:00

Health: -1/18      AC:  1    Str:  9    XL:     2   Next: 75%
Magic:  4/5        EV: 13    Int: 15    God:
Gold:   38         SH:  0    Dex: 12    Spells: 4/5 levels left

rFire    . . .     SeeInvis .     - Unarmed
rCold    . . .     Gourm    .   (no shield)
rNeg     . . .     Faith    .   (helmet restricted)
rPois    .         Spirit   .   (no amulet)
rElec    .         Reflect  .   (no ring)
rCorr    .         Harm     .   (no ring)
MR       .....                  (no ring)
Stlth    ++........             (no ring)
HPRegen  0.06/turn              (no ring)
MPRegen  0.09/turn              (no ring)
                                (no ring)
                                (no ring)

@: appendage
A: almost no armour, stealthy swim, amphibious, 8 rings, constrict 8, tentacle
spike 3, camouflage 1, gelatinous body 1
a: End Transformation


You were on level 1 of the Dungeon.
You were not hungry.
One of your tentacles had a temporary spike.
You visited 1 branch of the dungeon, and saw 1 of its levels.

You collected 38 gold pieces.

Inventory:

Hand Weapons
 d - a +2 short sword of draining
Missiles
 a - 12 arrows
 g - 13 poisoned darts (quivered)
Jewellery
 e - a cursed ring of attention {unknown}
Scrolls
 b - 4 scrolls of identify {unknown}
 i - a scroll of magic mapping {unknown}
Potions
 h - a potion of agility {unknown}
 j - a potion of ambrosia {unknown}
 k - a potion of curing {unknown}
Comestibles
 c - 3 rations
 f - 2 chunks of flesh


   Skills:
 - Level 1.0 Fighting
 - Level 2.0 Dodging
 - Level 3.0 Unarmed Combat
 - Level 2.0 Spellcasting
 + Level 3.2 Transmutations


You had 4 spell levels left.
You knew the following spells:

 Your Spells              Type           Power        Failure   Level  Hunger
a - Beastly Appendage     Tmut           ##....       6%          1    #......

Your spell library contained the following spells:

 Spells                   Type           Power        Failure   Level  Hunger
 Sticks to Snakes         Tmut           ##......     9%          2    ###....
 Spider Form              Tmut/Pois      #.........   34%         3    ###....
 Ice Form                 Ice/Tmut       #.......     75%         4    #####..
 Blade Hands              Tmut           ##........   86%         5    ######.


Dungeon Overview and Level Annotations

Branches:
Dungeon (1/15)

Altars:


Innate Abilities, Weirdness & Mutations

You cannot wear most types of armour.
You are very stealthy in the water. (Stealth+)
You are amphibious.
You can wear up to eight rings at the same time.
You can use your tentacles to constrict eight enemies at once.
Your skin changes colour to match your surroundings (Stealth+).
Your rubbery body absorbs attacks. (AC +1, EV +1)
One of your tentacles bears a large vicious spike.


Message History

You see here a rat skeleton.
b - 4 scrolls labeled PIVEMU ROIGRUST (gained 1)
k - a pink potion 2 kobolds come into view.
A kobold is wielding a +1 short sword of electrocution.
Casting: Beastly Appendage (safe; 6% risk of failure)
Confirm with . or Enter, or press ? or * to list all spells.
One of your tentacles grows a vicious spike.
The kobold shouts!
The kobold throws a stone.
The stone barely misses you.
You see here a stone.
The kobold shouts!
The kobold hits you but does no damage.
Found a ration.
You tentacle-slap the kobold but do no damage.
Your grab misses the kobold.
The kobold hits you with a +0 short sword.
The kobold hits you but does no damage.
You are electrocuted!
Ouch! That really hurt!
You die...

##### . ...
..#####.########
#####.............#
%.................#
......###.........#
......K..(#.......#
......K@..#..(....#
.....####.#.......#
#### #.#.......#
#.#.).....#
#.#.......#
#.#.#.##########
#.#.....####....
.#รท....##......
#.....##.#....


You could see 2 kobolds.

Vanquished Creatures
  2 oozes (D:1)
  A leopard gecko (D:1)
  A giant cockroach (D:1)
  A goblin (D:1)
  A hobgoblin (D:1)
  A frilled lizard (D:1)
  A kobold (D:1)
  3 rats (D:1)
11 creatures vanquished.

Notes
Turn   | Place    | Note
-------+----------+-------------------------------------------
     0 | D:1      | ohad the Octopode Transmuter began the quest for the Orb.
     0 | D:1      | Reached XP level 1. HP: 13/13 MP: 3/3
   218 | D:1      | Reached XP level 2. HP: 7/18 MP: 3/5
   642 | D:1      | Slain by a kobold

Levels and vault maps discovered:
D:1:      mrwooster_arrival_statue_2, layout_basic

Skill      XL: |  1  2 |
---------------+-------+-----
Transmutations | 3 |  3.2
Fighting       | |  1.0
Dodging        | |  2.0
Unarmed Combat | |  3.0
Spellcasting   | |  2.0

Action                   || total
-------------------------++-------
Melee: Unarmed           ||    29
       Kick              ||     8
       Tentacles         ||     3
       Constrict         ||     6
 Cast: Beastly Appendage ||     7
Armor: Skin              ||     4
Dodge: Dodged            ||    14

Table legend:
 A = Non-vault XP
 B = Vault XP
 C = Vault XP percentage of total XP
 D = Non-vault monster count
 E = Vault monster count
 F = Vault count percentage of total count
                 A         B        C        D         E       F
            +---------+---------+-------+---------+---------+-------
      Total |      28 |       0 |   0.0 |      11 |       0 |   0.0
            +---------+---------+-------+---------+---------+-------
        D:1 |      28 |       0 |   0.0 |      11 |       0 |   0.0
            +---------+---------+-------+---------+---------+-------
